 Dungeon Crawl Stone Soup version 0.30-a0-585-g93115170b9 (webtiles) character file.

Game seed: 9349711708131626107

907 Citaku the Thaumaturge (level 7, -1/41 (46) HPs)
             Began as a Mummy Necromancer on Jan 2, 2023.
             Was a Believer of Kikubaaqudgha.
             Slain by an ogre
             ... wielding a +0 giant club
              (15 damage)
             ... on level 6 of the Dungeon.
             The game lasted 00:34:41 (7362 turns).

Citaku the Thaumaturge (Mummy Necromancer)          Turns: 7362, Time: 00:34:41

HP:   -1/41 (46)    AC: 12    Str: 11    XL:     7   Next: 81%
MP:   7/18          EV: 10    Int: 16    God:    Kikubaaqudgha [**....]
Gold: 339           SH:  0    Dex: 13    Spells: 12/22 levels left

rFire   . . .      SeeInvis +    g - staff of death
rCold   + . .      Faith    +    (no shield)
rNeg    + + +      Spirit   .    q - +2 ring mail {rF+}
rPois   ∞          Reflect  .    (no helmet)
rElec   .          Harm     .    n - +0 cloak
rCorr   .          Rampage  .    c - +0 pair of gloves
Will    +....                    r - +2 pair of boots
Stlth   +                        f - amulet of faith
HPRegen 0.26/turn                d - ring of willpower
MPRegen 0.16/turn                l - ring of see invisible

@: about to teleport, heavily drained
A: cold resistance 1, negative energy resistance 3, torment resistance 2, heat
vulnerability 1, in touch with death 1, no potions, faith
a: Renounce Religion, Unearth Wretches


You were on level 6 of the Dungeon.
You worshipped Kikubaaqudgha.
Kikubaaqudgha was pleased with you.
You visited 1 branch of the dungeon, and saw 6 of its levels.
You also visited: Sewer.

You collected 339 gold pieces.

Inventory:

Hand Weapons
 b - a +2 spectral club
Armour
 c - a +0 pair of gloves (worn)
 n - a +0 cloak (worn)
 q - a +2 ring mail of fire resistance (worn)
 r - a +2 pair of boots (worn)
Magical Staves
 g - a staff of death (weapon)
Jewellery
 d - a ring of willpower (left hand)
 f - an amulet of faith (around neck)
 l - a ring of see invisible (right hand)
Wands
 a - a wand of roots (5)
 m - a wand of digging (4)
Scrolls
 e - a scroll of immolation
 h - 2 scrolls of identify
 j - 2 scrolls of fog
 o - 2 scrolls of amnesia
 p - 3 scrolls of magic mapping


   Skills:
 - Level 1.5 Dodging
 - Level 1.5 Stealth
 + Level 8.0 Spellcasting
 + Level 7.5 Necromancy


You had 12 spell levels left.
You knew the following spells:

 Your Spells              Type           Power      Damage    Failure   Level
a - Necrotise             Necr           100%       1d9       1%          1
b - Vampiric Draining     Necr           62%        2d10      3%          3
c - Animate Dead          Necr           62%        N/A       12%         4
d - Cigotuvi's Dreadful   Necr/Pois/Air  64%        N/A       14%         2

Your spell library contained the following spells:

 Spells                   Type           Power      Damage    Failure   Level
 Kiss of Death            Conj/Necr      100%       2d13      6%          1
 Agony                    Necr           62%        N/A       34%         5
 Call Canine Familiar     Summ           6%         N/A       63%         3
 Ozocubu's Armour         Ice            6%         N/A       63%         3
 Portal Projectile        Hex/Tloc       12%        N/A       63%         3
 Leda's Liquefaction      Hex/Erth       3%         N/A       95%         4
 Olgreb's Toxic Radiance  Pois           6%         N/A       95%         4
 Ozocubu's Refrigeration  Ice            3%         4d8       100%        7
 Ignition                 Fire           3%         3d4       100%        8
 Chain Lightning          Conj/Air       3%         3d4       100%        9
 Fire Storm               Conj/Fire      3%         8d1       100%        9
 Shatter                  Erth           3%         3d7*      100%        9


Dungeon Overview and Level Annotations

Branches:
Dungeon (6/15)             Temple (0/1) D:4           Sewer (visited)

Altars:
Dithmenos
Kikubaaqudgha
Nemelex Xobeh
Sif Muna
Wu Jian

Annotations:
D:5 Eustachio


Innate Abilities, Weirdness & Mutations

You are immune to poison.
Your flesh is cold resistant. (rC+)
You are immune to negative energy. (rN+++)
You are immune to unholy pain and torment.
You are vulnerable to heat. (rF-)
You are in touch with the powers of death.
You do not drink.
You have a special connection with the divine. (Faith)


Message History

Press: ? - help, Q - select action, (/) - cycle Shift-Dir - straight line, f - ogre
Aim: an ogre, wielding a +0 giant club (translocational energy, chance to affect: 83%)
You feel a strong surge of power!
The ogre writhes in agony.
The crimson imp blinks!
The ogre attacks as you move away! The ogre closely misses you.
The ufetubus disappears in a puff of smoke!
The crimson imp closely misses you.
Aiming: Necrotise (safe; 1% risk of failure)
Press: ? - help, Q - select action, (/) - cycle Shift-Dir - straight line, f/p - ogre
Aim: an ogre, wielding a +0 giant club (lightly wounded, chance to affect: 83%)
You feel a strong surge of power!
The ogre writhes in agony.
The shadow imp lashes its tail.
The crimson imp misses you.
You miss the crimson imp.
The ogre hits you with a +0 giant club!!
The crimson imp hits you but does no damage.
The ogre hits you with a +0 giant club!
The crimson imp hits you but does no damage.
The crimson imp attacks as you move away!
The crimson imp hits you.
* * * LOW HITPOINT WARNING * * *
Really walk into that dispersal trap?
You enter a dispersal trap!
The crimson imp blinks!
The ogre blinks!
The crimson imp blinks!
You blink.
The ogre closely misses you.
There is a stone staircase leading down here.
The ogre barely misses you.
You climb downwards.
The shadow imp shouts! x2
Found a scroll of identify.
There is a stone staircase leading up here.
You can't drink.
As you read the scroll of teleportation, it crumbles to dust.
You feel strangely unstable.
The shadow imp attacks as you move away!
The shadow imp closely misses you. The ogre attacks as you move away!
The ogre closely misses you. The ogre hits you with a +0 giant club!
You die...
Kikubaaqudgha rasps: "You have failed me!
Welcome... oblivion!"

###. #...##+#
#......#
.#......#
........##
.........#####.#
.#?.....<......#
....l.55O.######
#####.@.## ##.##
###


You could see an ogre, an iguana and 2 shadow imps.

Vanquished Creatures
  An acid dragon (D:3)
  Duvessa (D:5)
  2 black bears
  A hound (D:5)
  Jessica (D:2)
  2 iguanas (D:4)
  13 adders
  12 gnolls
  2 river rats (Sewer)
  A worm (D:3)
  4 dart slugs
  7 orcs
  16 ball pythons
  9 bats
  9 endoplasms
  12 giant cockroaches
  5 hobgoblins
  6 jackals
  5 kobolds
  9 quokkas
  2 training dummies (D:5)
  7 frilled lizards
  6 goblins
  7 rats
140 creatures vanquished.

Vanquished Creatures (collateral kills)
  A necrophage (D:3)
  Dowan (D:5)
  A river rat (Sewer)
  An endoplasm (D:1)
  A jackal (D:1)
  2 ball pythons
  A frilled lizard (D:3)
8 creatures vanquished.

Vanquished Creatures (others)
  An orc zombie (D:4)
  13 plants (D:3)
14 creatures vanquished.

Grand Total: 162 creatures vanquished

Notes
Turn   | Place    | Note
-------+----------+-------------------------------------------
     0 | D:1      | Citaku the Mummy Necromancer began the quest for the Orb.
     0 | D:1      | Reached XP level 1. HP: 13/13 MP: 4/4
   135 | D:1      | Reached skill level 3 in Spellcasting
   315 | D:1      | Reached XP level 2. HP: 19/19 MP: 4/6
  1028 | D:1      | Gained mutation: You are in touch with the powers of death.
                  | [Mummy growth]
  1028 | D:1      | Reached XP level 3. HP: 20/24 MP: 8/8
  1046 | D:1      | Learned a level 3 spell: Vampiric Draining
  1424 | D:2      | Noticed Jessica
  1428 | D:2      | Killed Jessica
  1429 | D:2      | Reached skill level 4 in Spellcasting
  1734 | D:2      | Reached XP level 4. HP: 25/30 MP: 2/10
  2203 | D:2      | Reached skill level 5 in Necromancy
  2282 | D:2      | Found an ornate altar of the Wu Jian Council.
  3441 | D:3      | Reached XP level 5. HP: 35/35 MP: 8/12
  3531 | D:3      | Reached skill level 5 in Spellcasting
  3587 | D:3      | Found an ancient bone altar of Kikubaaqudgha.
  3608 | D:3      | Became a worshipper of Kikubaaqudgha
  4335 | D:3      | You fall into a shaft and drop 1 floor!
  4342 | D:4      | Learned a level 4 spell: Animate Dead
  4343 | D:4      | Found a sparkling altar of Nemelex Xobeh.
  4398 | D:4      | Found a shadowy altar of Dithmenos.
  4704 | D:4      | Reached XP level 6. HP: 37/41 MP: 4/14
  4811 | D:4      | Reached * piety under Kikubaaqudgha
  4811 | D:4      | Received a gift from Kikubaaqudgha
  4815 | D:4      | Learned a level 2 spell: Cigotuvi's Dreadful Rot
  4840 | D:4      | Found a glowing drain.
  4857 | Sewer    | Entered a sewer
  5131 | Sewer    | Reached skill level 6 in Spellcasting
  5173 | Sewer    | Reached ** piety under Kikubaaqudgha
  6063 | D:4      | Reached XP level 7. HP: 46/46 MP: 9/17
  6204 | D:4      | Found a staircase to the Ecumenical Temple.
  6279 | D:4      | Found a shimmering blue altar of Sif Muna.
  6471 | D:5      | Entered Level 5 of the Dungeon
  6482 | D:5      | Reached skill level 7 in Spellcasting
  6665 | D:5      | Noticed Duvessa
  6665 | D:5      | Noticed Dowan
  6675 | D:5      | Noticed Eustachio
  7059 | D:5      | Killed Duvessa
  7071 | D:5      | Killed Dowan
  7187 | D:5      | Reached skill level 8 in Spellcasting
  7362 | D:6      | Slain by an ogre

Illustrated notes

Levels and vault maps discovered:
D:1:      heliophobic_arrival_enchanted_forest, layout_basic,
          chequers_arboretum, minivault_25, wad_floor_pattern_untrapped
D:2:      layout_loops_cross, basic_altar, kennysheep_nondescript, minivault_23,
          uniq_jessica
D:3:      minmay_angry_zag, layout_loops_corners, nicolae_elyvilon_temple_path,
          mainiacjoe_overflow_tiny_flanked, grunt_ministairs_7
D:4:      layout_basic, nicolae_sif_muna_condensation,
          mainiacjoe_overflow_six_doors_small, nicolae_dithmenos_shadow_blocks,
          temple_hall, gup_sewer_entry_pipe
D:5:      dreamdust_elfheim, layout_rooms, uniq_eustachio
D:6:      layout_loops_corners, lemuel_round_altar, serial_demonic,
          serial_demonic_g, serial_demonic_g, serial_demonic_a,
          serial_demonic_d, chequers_serial_rivers_micro_d

Skill      XL: |  1  2  3  4  5  6  7 |
---------------+----------------------+-----
Spellcasting   | 3 4 5 6 8 |  8.0
Necromancy     | 5 6 7 |  7.5
Dodging        | |  1.5
Stealth        | |  1.5

Action                   |  1- 3 |  4- 6 |  7- 9 || total
-------------------------+-------+-------+-------++-------
Melee: Staff             |    16 |    51 |     8 ||    75
       Dagger            |     4 |       |       ||     4
 Cast: Necrotise         |    48 |   186 |    74 ||   308
       Vampiric Draining |     5 |       |     1 ||     6
       Animate Dead      |       |     2 |     1 ||     3
       Cigotuvi's Dreadf |       |       |     2 ||     2
Invok: Unearth Wretches  |       |     1 |       ||     1
Evoke: Wand              |       |     1 |       ||     1
  Use: Scroll            |     3 |     5 |     3 ||    11
 Stab: Sleeping          |     2 |     2 |       ||     4
Armor: Robe              |    12 |    43 |     2 ||    57
       Ring mail         |       |       |    27 ||    27
Dodge: Dodged            |    30 |   109 |    39 ||   178

Table legend: (Time is in decaauts)
 A = Elapsed time spent in this place.
 B = Non-inter-level travel time spent in this place.
 C = Inter-level travel time spent in this place.
 D = Time resting spent in this place.
 E = Time spent auto-exploring this place.
 F = Levels seen in this place.
 G = Mean time per level.
                   A        B        C        D        E       F      G
               +--------+--------+--------+--------+--------+-----+--------+
         Total |   7534 |   7534 |      0 |   2383 |   2137 |   7 | 1076.3 |
       Dungeon |   6653 |   6653 |      0 |   2263 |   1813 |   6 | 1108.8 |
         Sewer |    881 |    881 |      0 |    120 |    323 |   1 |  881.0 |
               +--------+--------+--------+--------+--------+-----+--------+

Top non-repeatable levels by time:
     D:3: 1909 daAuts
     D:1: 1369 daAuts
     D:2: 1360 daAuts
     D:4: 1122 daAuts
     D:5: 888 daAuts
   Sewer: 881 daAuts
     D:6: 3 daAuts
